Cogmind - Beta 17.1 --- EXPLORER MODE // 2026.09.05 @ 20:45:19 Player: DnP Result: Self-destructed Performance ------------- Evolutions (2) 1000 Regions Visited (3) 600 Robots Destroyed (12) 60 Value Destroyed (252) 252 Prototype IDs (2) 40 Alien Tech Used (0) 0 Bonus (0) 0 TOTAL SCORE: 1952 Bonus ------- None Cogmind --------- Core Integrity 550/550 Matter 286/300 Energy 270/280 System Corruption 0% Temperature Cool (0) Movement Flying (120) Ox1 Location -8/Materials Parts ------- > --- POWER (1) -------- Cooled Ion Engine > --- PROPULSION (4) --- Flight Unit > --- UTILITY (4) ------ Small Storage Unit Weight Redist. System Targeting Computer Targeting Computer > --- WEAPON (3) ------- (None) > --- INVENTORY (8) ---- Ion Engine Advanced Beam Cannon High-powered Shotgun Peak State ------------ > --- POWER ------------ Cooled Ion Engine > --- PROPULSION ------- Light Treads Light Treads Improved Treads > --- UTILITY ---------- Medium Storage Unit Targeting Computer Hardened Light Armor Plating > --- WEAPON ----------- Advanced Beam Cannon Assault Rifle Autogun > --- INVENTORY -------- Ion Engine Ion Engine Light Treads Light Treads Flight Unit Flight Unit Targeting Computer Advanced Beam Cannon [Rating: 18] Favorites ----------- Power Cooled Ion Engine Engine Cooled Ion Engine Propulsion Light Treads Treads Light Treads Flight Unit Flight Unit Utility Targeting Computer Device Weight Redist. System Storage Medium Storage Unit Processor Targeting Computer Protection Hardened Light Armor Plating Weapon Assault Rifle Energy Gun Small Laser Energy Cannon Advanced Beam Cannon Ballistic Gun Assault Rifle Build | -11 -10 -9 -8 ------- Run | Yrd Mat Mat Mat Slots Evolved 5 | . 1 2 2 Power . | . . . . Propulsion 2 | . 1 . 1 Utility 2 | . . 1 1 Weapon 1 | . . 1 . Parts Attached 23 | 7 2 12 2 Power 3 | 1 . 2 . Engine 3 | 1 . 2 . Core . | . . . . Reactor . | . . . . Propulsion 8 | 2 2 4 . Treads 6 | 2 2 2 . Leg . | . . . . Wheel . | . . . . Hover . | . . . . Flight 2 | . . 2 . Utility 6 | 2 . 3 1 Device 1 | . . . 1 Storage 2 | 1 . 1 . Processor 2 | 1 . 1 . Hackware . | . . . . Protection 1 | . . 1 . Artifact . | . . . . Weapon 6 | 2 . 3 1 Energy Gun 1 | . . 1 . Energy Cannon 1 | . . 1 . Ballistic Gun 4 | 2 . 1 1 Ballistic Cannon . | . . . . Launcher . | . . . . Special Weapon . | . . . . Impact Weapon . | . . . . Slashing Weapon . | . . . . Piercing Weapon . | . . . . Special Melee Weapon . | . . . . Unidentified Prototypes 2 | . . 2 . Parts Lost 1 | . . . 1 Power . | . . . . Propulsion 1 | . . . 1 Utility . | . . . . Weapon . | . . . . Highest Loss Streak 1 | . . . 1 To Critical Strikes . | . . . . Average Backups 2 | . 1 3 2 Power . | . . . 1 Propulsion 1 | . . 1 . Utility . | . . . . Weapon . | . . . 1 Tool/Special . | . . . . Unused Backups 2 | . . 1 1 Power 1 | . . 1 . Propulsion . | . . . . Utility . | . . . . Weapon 1 | . . . 1 Tool/Special . | . . . . Average Slot Usage (%) 77 | . 92 77 52 Engine 10 | . 12 10 8 Treads 16 | . 30 15 . Flight 8 | . . 9 11 Storage 10 | . 12 10 8 Processor 14 | . 12 14 16 Protection 2 | . . 4 . Ballistic Gun 13 | . 25 11 5 Peak Build Rating 18 | 7 8 18 12 Average Rating 9 | 4 7 10 9 On Entrance 5 | . 7 8 8 Avg Prop Armor Cover (%) . | . . . . Naked Turns . | . . . . Heaviest Build 32 | 18 18 32 16 Greatest Support 63 | 40 60 63 10 Greatest Overweight (x) 5 | 1 5 1 3 Average Overweight (x) . | . . . 1 Largest Inventory Capacity 10 | 10 10 10 8 Average Capacity 9 | 8 10 9 8 Most Carried 9 | 1 3 9 2 Average Carried 2 | . 1 3 2 Final Capacity 10 | 10 10 8 8 Final Carried 3 | . 3 2 3 Class Distribution -------------------- 81% | Hacker-Mutant 18% | Hacker-Gunner Dominant Class ---------------- Hacker-Mutant | -10/Materials Hacker-Mutant | -9/Materials Hacker-Mutant | -8/Materials Resources | -11 -10 -9 -8 ----------- Run | Yrd Mat Mat Mat Matter Collected 630 | 212 76 329 13 Remotely . | . . . . Salvage Created 445 | . 60 332 53 Parts 30 | . 3 25 2 Haulers Intercepted 1 | . 1 . . Recyclers Shooed 1 | . . 1 . Parts Field Recycled . | . . . . Retrieved Matter . | . . . . Parts Self-Destructed . | . . . . Prevented . | . . . . Parts Restored . | . . . . Kills | -11 -10 -9 -8 ------- Run | Yrd Mat Mat Mat Combat Hostiles Destroyed 7 | . . 6 1 Guns 6 | . . 5 1 AOE 1 | . . 1 . Classes Destroyed 8 | . 1 7 . Worker 1 | . . 1 . Builder 1 | . . 1 . Hauler 1 | . 1 . . Recycler 1 | . . 1 . Watcher 1 | . . 1 . Swarmer 2 | . . 2 . Grunt 3 | . . 3 . Sentry 2 | . . 1 1 Best Kill Streak 4 | . 1 4 1 Combat Bots Only 3 | . . 3 1 Max Kills in Single Turn 1 | . 1 1 1 Gunslinging . | . . . . Exploded 1 | . . 1 . Melee . | . . . . Uniques/NPCs Destroyed . | . . . . Combat | -11 -10 -9 -8 -------- Run | Yrd Mat Mat Mat Hostile Shots Fired 35 | . . 33 2 Missed 8 | . . 8 . Hits 27 | . . 25 2 Projectile 27 | . . 25 2 Damage Taken 185 | . . 165 20 Core 50 | . . 50 . Absorbed by Shields . | . . . . Ignored by Resistances 120 | . . 108 12 Core Remaining (%) 95 | 100 100 87 . Volleys Fired 29 | . 2 24 3 Largest 3 | . 2 3 1 Hottest 80 | . 40 80 25 Shots Fired 67 | . 4 60 3 Gun 67 | . 4 60 3 Cannon . | . . . . Launcher . | . . . . Special . | . . . . Kinetic 62 | . 4 55 3 Thermal 5 | . . 5 . Explosive . | . . . . Electromagnetic . | . . . . Robot Hit Streak 22 | . 4 18 22 Robot Miss Streak 2 | . . 1 2 Penetration Max . | . . . . Secondary Targets . | . . . . Shots Hit Robots 44 | . 4 38 2 Core Hits 21 | . 2 17 2 Critical Kills . | . . . . Critical Parts Destroyed 1 | . . . 1 Critical Strikes 1 | . . . 1 Destroy 1 | . . . 1 Melee Attacks . | . . . . Impact . | . . . . Slashing . | . . . . Piercing . | . . . . Sneak Attacks . | . . . . Combat Hostiles . | . . . . Follow-up Attacks . | . . . . Damage Inflicted 732 | . 42 651 39 Guns 555 | . 42 474 39 Cannons . | . . . . Explosions 173 | . . 173 . Melee . | . . . . Ramming 4 | . . 4 . Kinetic 512 | . 42 431 39 Thermal 216 | . . 216 . Explosive . | . . . . Electromagnetic . | . . . . Impact . | . . . . Slashing . | . . . . Piercing . | . . . . Highest Corruption . | . . . . Average Corruption . | . . . . Corruption Purged . | . . . . Corruption Blocked . | . . . . Overload Shots . | . . . . Overflow Damage 23 | . . 23 . Projectiles . | . . . . Explosions 23 | . . 23 . Melee . | . . . . Knockbacks . | . . . . Impact . | . . . . Kinetic . | . . . . Secondary . | . . . . Self-Inflicted Damage . | . . . . Shots . | . . . . Rammed 1 | . . 1 . Targets Rammed 1 | . . 1 . Kicked . | . . . . Crushed . | . . . . Highest Temperature 78 | . . 78 . Average Temperature 21 | . . 21 . Received Heat Transfer 132 | . . 123 9 Siege Activations . | . . . . Martial Activations . | . . . . Shielding Activations . | . . . . Robots Disrupted . | . . . . Combat Hostiles . | . . . . Robots Corrupted . | . . . . Combat Hostiles . | . . . . Parts Fried . | . . . . Impact Corruptions . | . . . . Robots Melted . | . . . . Combat Hostiles . | . . . . Parts Melted . | . . . . Heat Transferred 200 | . . 200 . Parts Sabotaged . | . . . . Parts Stolen . | . . . . Parts Stripped . | . . . . Power Chain Reactions . | . . . . Alert | -11 -10 -9 -8 ------- Run | Yrd Mat Mat Mat Maximum Alert Level . | . . . . Low Security (%) 100 | 100 100 100 100 Level 1 . | . . . . Level 2 . | . . . . Level 3 . | . . . . Level 4 . | . . . . Level 5 . | . . . . High Security . | . . . . Max Security . | . . . . Peak Influence 81 | . 7 81 31 Initial . | . . . . Average 5 | . . 7 4 Influence Increases 262 | . 7 224 31 Destroy 0b10 Robot/C 140 | . . 120 20 Destroy 0b10 Robot/NC 25 | . 5 20 . Destroy Leader 44 | . 2 32 10 Disable Machine 4 | . . 4 . Destroy Structure 4 | . . 3 1 Lose Combat Pursuer 45 | . . 45 . Influence Decreases 262 | . 7 224 31 Time Decay 262 | . 7 224 31 Squads Dispatched 1 | . . 1 . Investigation . | . . . . Extermination . | . . . . Reinforcement 1 | . . 1 . Assault . | . . . . Garrison . | . . . . Intercept . | . . . . Searches Triggered . | . . . . Construction Impeded . | . . . . Haulers Reinforced . | . . . . Active Scanning Responses . | . . . . Cargo Convoy Interrupts . | . . . . Stealth | -11 -10 -9 -8 --------- Run | Yrd Mat Mat Mat Distress Signals . | . . . . Communications Jammed . | . . . . Distress Signals . | . . . . Times Spotted 19 | . . 17 2 Peak Tracking Total 4 | . . 4 1 Tactical Retreats 3 | . . 3 . Traps | -11 -10 -9 -8 ------- Run | Yrd Mat Mat Mat Traps Triggered 3 | . 2 1 . Indirectly . | . . . . Trap Hack Attempts . | . . . . Triggered . | . . . . Disarmed . | . . . . Reprogrammed . | . . . . Reused . | . . . . Traps Extracted . | . . . . Installed . | . . . . Triggered . | . . . . Machines | -11 -10 -9 -8 ---------- Run | Yrd Mat Mat Mat Machines Disabled 1 | . . 1 . Max in Single Turn 1 | . . 1 . Machines Repaired . | . . . . Machines Dismantled . | . . . . Machines Sabotaged . | . . . . Overloaded Fab Kills . | . . . . Hacking | -11 -10 -9 -8 --------- Run | Yrd Mat Mat Mat Machines Accessed 2 | . 1 1 . Terminals 2 | . 1 1 . Fabricators . | . . . . Repair Stations . | . . . . Recycling Units . | . . . . Scanalyzers . | . . . . Garrison Access . | . . . . Total Hacks 5 | . 2 3 . Successful 2 | . 1 1 . Failed 3 | . 1 2 . Catastrophic . | . . . . Database Lockouts . | . . . . Manual 3 | . . 3 . Terminals 5 | . 2 3 . Fabricators . | . . . . Repair Stations . | . . . . Recycling Units . | . . . . Scanalyzers . | . . . . Garrison Access . | . . . . Terminal Hacks 2 | . 1 1 . Unreport Threat 1 | . . 1 . Locate Traps 1 | . 1 . . Fabricator Hacks . | . . . . Repair Station Hacks . | . . . . Recycling Unit Hacks . | . . . . Scanalyzer . | . . . . Garrison Access Hacks . | . . . . Unauthorized Hacks . | . . . . Terminals . | . . . . Fabricators . | . . . . Repair Stations . | . . . . Recycling Units . | . . . . Scanalyzers . | . . . . Garrison Access . | . . . . Data Cores Recovered . | . . . . Used . | . . . . Hacking Detections 2 | . 1 1 . Full Trace Events . | . . . . Feedback Events . | . . . . Feedback Blocked . | . . . . Robot Schematics Acquired . | . . . . Robots Built . | . . . . Authchips . | . . . . Time . | . . . . Total Robot Build Rating . | . . . . Part Schematics Acquired . | . . . . Parts Built . | . . . . Authchips . | . . . . Time . | . . . . Total Part Build Rating . | . . . . Part Studies Acquired . | . . . . Parts Repaired . | . . . . Time . | . . . . Parts Recycled . | . . . . Recycled Matter . | . . . . Retrieved Matter . | . . . . Retrieved Components . | . . . . Parts Scanalyzed . | . . . . Part Schematics Acquired . | . . . . Parts Damaged . | . . . . Bothacking | -11 -10 -9 -8 ------------ Run | Yrd Mat Mat Mat Used RIF Installer . | . . . . Robots Hacked . | . . . . Non-combat . | . . . . Combat . | . . . . Robot Hacks Applied . | . . . . Relay Couplers Released . | . . . . Fabnet Peak Effective % . | . . . . Robots Rewired . | . . . . Allies Hacked . | . . . . Hacks Repelled . | . . . . Allies | -11 -10 -9 -8 -------- Run | Yrd Mat Mat Mat Total Allies . | . . . . Largest Group . | . . . . Highest-Rated Group . | . . . . Highest-Rated Ally . | . . . . Total Orders . | . . . . Ally Attacks . | . . . . Total Damage . | . . . . Kills . | . . . . Allies Corrupted . | . . . . Allies Melted . | . . . . Intel | -11 -10 -9 -8 ------- Run | Yrd Mat Mat Mat Active Infowar (turns) . | . . . . Robot Analysis Total . | . . . . Derelict Logs Recovered . | . . . . Drone Launches . | . . . . Drone Recoveries . | . . . . Exploration | -11 -10 -9 -8 ------------- Run | Yrd Mat Mat Mat Turns Passed 1510 | 76 266 1023 145 Spaces Moved 945 | 42 154 672 77 Core 7 | 6 1 . . Treads 447 | 36 153 258 . Legs . | . . . . Wheels . | . . . . Hover . | . . . . Flight 491 | . . 414 77 Fastest Speed 50 | 50 160 117 117 Average Speed 141 | 149 160 133 170 Slowest Speed 300 | 160 300 160 280 Overloaded Moves . | . . . . Propulsion Burnouts . | . . . . Robots Hopped . | . . . . Potential Cave-ins . | . . . . Cave-ins Triggered . | . . . . Exploration Rate (%) 20 | 4 36 28 15 Regions Visited 3 Branch Regions . Pre-discovered Areas . | . . . . Known Exits Taken 3 | 1 1 1 . Unknown Exits Taken . | . . . . Scrap Searched . | . . . . Spaces Dug . | . . . . Terrain Destroyed 2 | . . 2 . Melee . | . . . . Projectile . | . . . . AOE 2 | . . 2 . Terrain Rammed . | . . . . Walls Destroyed . | . . . . Machines Disabled . | . . . . Actions | -11 -10 -9 -8 --------- Run | Yrd Mat Mat Mat Total 1060 | 53 165 755 87 Wait 32 | 4 . 24 4 Move 942 | 41 153 671 77 Hop . | . . . . Pick Up 9 | 1 2 6 . Fast Attach 18 | 6 7 3 2 Attach 5 | 1 . 4 . Detach 1 | . . . 1 Swap 8 | . 1 7 . Drop 15 | . . 15 . Fire 29 | . 2 24 3 Melee . | . . . . Ram . | . . . . Kick . | . . . . Crush 1 | . . 1 . Escape Stasis . | . . . . Rewire . | . . . . Trap . | . . . . Miscellaneous . | . . . . Route ------- -11/Scrapyard -10/Materials (discovered 2 exits: *Mat / *Min) -9/Materials -8/Materials History --------- Turn | Location | Event 17 | -11/Scrapyard | Identified exit to Materials 17 | -11/Scrapyard | Discovered exit to Materials (range 14) 77 | -11/Scrapyard | Entered Materials 77 | -10/Materials | Evolved 1 slot: Propulsion x1 142 | -10/Materials | Identified exit to Mines 142 | -10/Materials | Discovered exit to Mines (range 16) 245 | -10/Materials | Identified exit to Materials 245 | -10/Materials | Discovered exit to Materials (range 8) 334 | -10/Materials | Build established: Hacker-Mutant 343 | -10/Materials | Entered another Materials area 343 | -9/Materials | Evolved 2 slots: Utility x1, Weapon x1 1032 | -9/Materials | Identified exit to Materials 1032 | -9/Materials | Discovered exit to Materials (range 10) 1366 | -9/Materials | Entered another Materials area 1366 | -8/Materials | Evolved 2 slots: Propulsion x1, Utility x1 1511 | -8/Materials | Self-destructed Last Messages --------------- 01389_ K-01 Serf cleans the Terminal. 01393_ U-05 Engineer works on Processing Tank. 01403_ K-01 Serf collects debris. 01407_ Acquired Hpw. Shotgun. 01408_ K-01 Serf cleans the Fusion Modulator. 01413_ K-01 Serf collects debris. 01414_ Y-45 Defender suffers critical hit (Destroy). 01414_ Destroyed Lgt. Treads. 01415_ Flight Unit destroyed. 01415_ K-01 Serf cleans the Fusion Modulator. 01416_ Y-45 Defender destroyed. 01418_ Acquired 13 matter. 01419_ K-01 Serf collects debris. 01427_ U-05 Engineer builds a Door. 01440_ R-06 Scavenger collects Lgt. Armor Plating. 01488_ Acquired Weight Redist. System. 01503_ K-01 Serf collects debris. Map ----- +----------------------------------------------------+ | # #???# """ # +??????????? | | # #???# ######??????????? | | ? #######+#####+#???????????????? | | # """ # #???????????????? | | # """ # #???????????????? | | # """ # ##??????????????? | | # %+ #??????????????? | | # """ [# #??????????????? | | # """ ## #??????????????? | | # """ ## #### ########?????????????? | | # ## #??# ## #?????????????? | | ##########+#### ## ! #?????????????? | | ???# ## ## #?????????????? | | ???# ! ## a## #?????????????? | | ???# # # ]] #?????????????? | | ???# ! / # ]] #?????????????? | | ???# # / ]] #?????????????? | | ???# # # #?????????????? | | ???# ## ## """ #?????????????? | | ???# ## ## """ #?????????????? | | ???############ ## """ #?????????????? | | ??????????????# ## #?????????????? | | ?????????######k ######### #????????? | | ?????????# k #????????? | | ?????????# #????????? | | ?????????# ##@######## ???????? | | ?????????# ?# ????????? #????????? | | ?????????#??# ???????????????????? | | ????????????# !#??????????????????? | | ????????????#!! #??????????????????? | | ????????????#!! #??????????????????? | | ????????????#! #??????????????????? | | ????????????########??????????????????? | | ??????????????????????????????????????? | | ??????????????????????????????????????? | | ??????????????????????????????????????? | | ??????????????????????????????????????? | | ??????????????????????????????????????? | | ??????????????????????????????????????? | | | | | | | | | | | | | | | | | | | | | | | +----------------------------------------------------+ Best States ------------- Heat Dissipation 31 Energy Generation 14 Energy Capacity 280 Matter Stores 300 Matter Capacity 300 Sight Range 16 Terrain Scan Density 10 Additional Mass Support 6 Armor Coverage 150 Resistance: KI 35 Resistance: TH 35 Resistance: EX 35 Resistance: EM 35 Resistance: I 35 Resistance: S 35 Resistance: P 35 Evasion (%) 40 Targeting Accuracy 10 Recoil Reduction 3 Offensive Hacking 20 Item Schematics ----------------- None Robot Schematics ------------------ None Fabricated ------------ Nothing Repaired ---------- Nothing Studied --------- None Alien Tech Used ----------------- None Achievements -------------- For Emergencies Only Challenges ------------ None Game ------ Seed DnP Manual? 1 Play Time 00:46:48 Cumulative 31.2 hours Start 2026.08.28 @ 21:17:35 End 2026.09.05 @ 20:45:19 Sessions 2 Manual Loads 0 Difficulty Explorer Special Mode None Game No. 87 Rogue 10 Adventurer 56 Explorer 21 Win Type - Total 0 Types 0/0/0/0/0/0/0/0/0/0 Lore% 17 Gallery% 29 Achievement% 18 Wizard Run 0 Options --------- Layout 1 ASCII 0 Keyboard 0 Movement Mouse Keybinds 0 Fullscreen 0 Font 42/Dina Map View 50x35 Zoom Use 0% Tactical HUD 1 Map Filters NONE Filters NONE Steam 1 RUN: f105d988-5475-44eb-b971-f02158b35f72